 Dungeon Crawl Stone Soup version 0.29-a0-717-g6dac4ea423 (webtiles) character file.

Game seed: 5438498341350692786

336 avis the Shooter (level 6, 0/78 HPs)
             Began as a Demigod Hunter on June 26, 2022.
             Slain by an ice beast (2 damage)
             ... on level 4 of the Dungeon.
             The game lasted 00:21:31 (3640 turns).

avis the Shooter (Demigod Hunter)                   Turns: 3640, Time: 00:21:32

Health: 0/78       AC: 23    Str: 12    XL:     6   Next: 6%
Magic:  8/8        EV:  2    Int: 11    God:
Gold:   231        SH:  0    Dex: 25    Spells: 5/5 levels left

rFire   . . .      SeeInvis .   b - +0 dagger (vamp)
rCold   . . .      Faith    .   (no shield)
rNeg    . . .      Spirit   .   (body armour currently unavailable)
rPois   +          Reflect  .   (helmet currently unavailable)
rElec   .          Harm     .   (cloak currently unavailable)
rCorr   .          Rampage  .   (gloves currently unavailable)
Will    .....      NoTele   +   (boots currently unavailable)
Stlth   ++........              (no amulet)
HPRegen 0.23/turn               (no ring)
MPRegen 0.11/turn               (no ring)

@: tree-form
A: stationary, stasis, torment immunity, boosted hp, high MP 1, forlorn, divine
attributes
a: no special abilities


You were on level 4 of the Dungeon.
You were a tree.
You visited 1 branch of the dungeon, and saw 6 of its levels.

You collected 231 gold pieces.

Inventory:

Hand Weapons
 a - a +0 shortbow
 b - a +0 vampiric dagger (weapon)
 n - a +0 dagger
 p - a +0 short sword
Armour
 c - a +0 leather armour (melded)
 m - a +0 hat (melded)
Scrolls
 e - a scroll of amnesia {unknown}
 g - 2 scrolls of fear
 h - 2 scrolls of immolation
 i - a scroll of teleportation {unknown}
 j - a scroll of vulnerability {unknown}
 k - 2 scrolls of poison {unknown}
 l - a scroll of enchant weapon {unknown}
 r - a scroll of magic mapping {unknown}
 s - a scroll of brand weapon {unknown}
Potions
 d - a potion of magic {unknown}
 f - 4 potions of heal wounds
 q - 2 potions of curing {unknown}


   Skills:
 + Level 3.7 Fighting
 - Level 6.0 Ranged Weapons
 - Level 2.0 Dodging
 - Level 1.0 Stealth


You had 5 spell levels left.
You didn't know any spells.
Your spell library contained the following spells:

 Spells                   Type           Power      Damage    Failure   Level
 Ensorcelled Hibernation  Hex/Ice        0%         N/A       47%         2
 Passwall                 Tmut/Erth      0%         N/A       47%         2
 Swiftness                Air            0%         N/A       71%         3


Dungeon Overview and Level Annotations

Branches:
Dungeon (6/15)
 Temple: D:4-7

Annotations:
D:1 deep water unexplored


Innate Abilities, Weirdness & Mutations

You are a tree.
Your roots penetrate the ground, keeping you stationary.
You cannot be teleported.
You are immune to unholy pain and torment.
Your maximum health is greatly increased.
Your equipment is partially melded.
You have an increased reservoir of magic. (+10% MP)
You shall have no god before yourself.
Your divine heritage dramatically boosts your attributes as you level up.


Message History

The ice beast is moderately wounded.
The ice beast barely misses you.
You hit the ice beast but do no damage.
The ice beast is moderately wounded.
The ice beast hits you but does no damage.
You barely miss the ice beast.
The ice beast is moderately wounded.
The ice beast hits you but does no damage.
You barely miss the ice beast.
The ice beast is moderately wounded.
The ice beast hits you.
* * * LOW HITPOINT WARNING * * *
The ice beast freezes you!
* * * LOW HITPOINT WARNING * * *
You hit the ice beast.
The ice beast is heavily wounded.
The ice beast hits you but does no damage.
You closely miss the ice beast.
The ice beast is heavily wounded.
The ice beast hits you but does no damage.
You barely miss the ice beast.
The ice beast is heavily wounded.
The ice beast hits you but does no damage.
You closely miss the ice beast.
The ice beast is heavily wounded.
The ice beast hits you but does no damage.
You barely miss the ice beast.
The ice beast is heavily wounded.
The ice beast hits you but does no damage.
You hit the ice beast but do no damage.
The ice beast is heavily wounded.
The ice beast hits you but does no damage.
You barely miss the ice beast.
The ice beast is heavily wounded.
The ice beast hits you but does no damage.
You hit the ice beast but do no damage.
You punch the ice beast, but do no damage.
The ice beast is heavily wounded.
The ice beast hits you.
You die...

..............................##.
..<..............................
........##..................÷..##
.......####....................#
.##....###................#....##
..........................#.....#
##............#.....##...........
.......###..#.#.....# ...........
.....### #.##...♣.### ..........
..#..#####.....Y.## ..#.......
.##<...>##....)..# ..##......
...........##..... ##.....
........)......... ........
............###.... .....##.
#...........###.... ...... ##
.............#..#... ...... #
.............# #... #


You could see an ice beast.

Vanquished Creatures
  A black bear (D:4)
  A howler monkey (D:4)
  A hound (D:4)
  An iguana (D:4)
  6 adders
  2 worms (D:2)
  4 dart slugs
  An orc (D:3)
  3 ball pythons
  6 endoplasms
  A giant cockroach (D:2)
  11 hobgoblins
  4 jackals (D:1)
  7 quokkas
  10 bats
  4 frilled lizards
  6 goblins
  5 kobolds
  6 rats
80 creatures vanquished.

Vanquished Creatures (others)
  A fungus (D:3)
1 creature vanquished.

Grand Total: 81 creatures vanquished

Notes
Turn   | Place    | Note
-------+----------+-------------------------------------------
     0 | D:1      | avis the Demigod Hunter began the quest for the Orb.
     0 | D:1      | Reached XP level 1. HP: 17/17 MP: 3/3
   167 | D:1      | Reached skill level 4 in Ranged Weapons
   182 | D:1      | Reached XP level 2. HP: 20/24 MP: 4/4
   187 | D:1      | Reached skill level 1 in Stealth
   832 | D:2      | Reached XP level 3. HP: 30/30 MP: 5/5
  1973 | D:3      | Reached XP level 4. HP: 38/38 MP: 6/6
  2157 | D:3      | You fall into a shaft and drop 3 floors!
  2213 | D:6      | Noticed a phantom
  2241 | D:5      | Entered Level 5 of the Dungeon
  2282 | D:4      | Noticed an ice beast
  2331 | D:4      | Reached skill level 5 in Ranged Weapons
  3170 | D:4      | Noticed a black bear
  3283 | D:4      | Reached XP level 5. HP: 44/45 MP: 7/7
  3306 | D:4      | Killed a black bear
  3307 | D:4      | Reached skill level 6 in Ranged Weapons
  3324 | D:4      | Reached XP level 6. HP: 21/52 MP: 8/8
  3632 | D:4      | HP: 1/78 [ice beast (14)]
  3640 | D:4      | Slain by an ice beast

Illustrated notes

Levels and vault maps discovered:
D:1:      dpeg_arrival_pits, layout_loops_ring, chequers_serial_rivers_large_a,
          st_stairs_10
D:2:      layout_basic, hex_tiny
D:3:      layout_loops_ring, nicolae_wu_jian_immortal_techniques,
          mainiacjoe_overflow_chevrons, lightli_temple_of_fire,
          kennysheep_generic_room_15
D:4:      layout_cave_pools, elyvilon_altar_5
D:5:      layout_basic, nicolae_uskayaw_suspiria, ebering_ghost_disaster_area,
          grunt_tough_drop
D:6:      lemuel_insect_pit, layout_gridville

Skill      XL: |  1  2  3  4  5 |
---------------+----------------+-----
Fighting       | 2 3 |  3.7
Ranged Weapons | 4 5 6 |  6.0
Dodging        | 2 |  2.0
Stealth        | 1 |  1.0

Action                   |  1- 3 |  4- 6 || total
-------------------------+-------+-------++-------
Melee: Short sword       |     7 |       ||     7
       Dagger            |     6 |    48 ||    54
       Punch             |       |     2 ||     2
 Fire: Shortbow          |   137 |   111 ||   248
  Use: Scroll            |     1 |     2 ||     3
       Potion            |       |     2 ||     2
Armor: Leather armour    |    19 |    14 ||    33
       Skin              |       |    90 ||    90
Dodge: Dodged            |    42 |    40 ||    82

Table legend: (Time is in decaauts)
 A = Elapsed time spent in this place.
 B = Non-inter-level travel time spent in this place.
 C = Inter-level travel time spent in this place.
 D = Time resting spent in this place.
 E = Time spent auto-exploring this place.
 F = Levels seen in this place.
 G = Mean time per level.
                   A        B        C        D        E       F      G
               +--------+--------+--------+--------+--------+-----+--------+
         Total |   3713 |   3421 |    292 |    696 |   1819 |   6 |  618.8 |
       Dungeon |   3713 |   3421 |    292 |    696 |   1819 |   6 |  618.8 |
               +--------+--------+--------+--------+--------+-----+--------+

Top non-repeatable levels by time:
     D:2: 1154 daAuts
     D:1: 932 daAuts
     D:3: 758 daAuts
     D:4: 744 daAuts
     D:6: 91 daAuts
     D:5: 32 daAuts
